Map: Traitor's Exile

Players

Throwfordays

  • Race: Terran Terran
  • League: Silver
  • Spawn Location: 9:00

Faust

  • Race: Zerg Zerg
  • League: Diamond
  • Spawn Location: 12:00

Nhamat - Winner!

  • Race: Zerg Zerg
  • Spawn Location: 6:00

JosuTei - Winner!

  • Race: Zerg Zerg
  • League: Silver
  • Spawn Location: 5:00

VOD

Have the link to the VOD?

Description

Time

  • Played on: Feb. 26, 2019, 5:35 p.m.
  • Length: 12:20
Show
View Real Time Build Order
Export as new Build Order

Throwfordays Terran 

Build Orders:  

Get SALT Encoding   

  12  0:01  SCV  
  13  0:13  SCV  
  14  0:21  Supply Depot  
  14  0:25  SCV  
  15  0:43  SCV  
  15  0:49  Barracks  
  16  0:52  Refinery  
  16  0:55  SCV  
  17  1:08  SCV  
  18  1:20  SCV  
  19  1:32  SCV  
  19  1:35  Command Center  
  20  1:40  Barracks Tech Lab  
  20  1:50  SCV  
  20  1:53  Refinery  
  21  2:02  SCV  
  22  2:11  Supply Depot  
  22  2:19  SCV  
  22  2:21  Combat Shield  
  23  2:33  Marine  
  24  2:37  Supply Depot  
  24  2:45  SCV  
  24  2:48  SCV  
  24  2:50  Marine  
  27  2:52  Refinery  
  27  3:00  SCV  
  28  3:08  Marine  
  28  3:09  Factory  
  30  3:12  SCV  
  30  3:24  SCV, Orbital Command  
  30  3:26  Marine  
  32  3:37  SCV  
  33  3:44  Marine  
  34  3:49  SCV  
  34  3:54  Factory  
  34  3:55  SCV  
  36  4:00  Factory Reactor  
  36  4:01  SCV, Stimpack  
  37  4:07  SCV  
  37  4:09  Barracks  
  38  4:10  Marine  
  38  4:13  SCV  
  40  4:19  SCV  
  41  4:25  SCV  
  41  4:28  Marine  
  44  4:31  SCV  
  44  4:37  SCV  
  45  4:43  SCV  
  46  4:45  Factory Tech Lab  
  46  4:46  Marine  
  46  4:48  Hellion x2  
  46  4:49  SCV  
  52  4:55  SCV  
  53  5:01  SCV  
  53  5:02  Barracks Reactor, Supply Depot  
  53  5:06  Infernal Pre-Igniter  
  54  5:12  Supply Depot  
  54  5:19  Refinery  
  54  5:24  Marine, SCV x2, Hellion x2  
  61  5:33  Armory  
  61  5:36  SCV x2  
  61  5:42  Marine  
  64  5:46  Hellion x2  
  64  5:48  SCV x2  
  70  6:10  Engineering Bay  
  70  6:22  Supply Depot  
  70  6:24  Marine  
  70  6:25  Hellion x3  
  77  6:34  Command Center  
  77  6:37  Engineering Bay  
  77  6:46  Hellion x3  
  83  7:08  Hellion  
  85  7:30  Hellion  
  85  7:31  Hellion  
  85  7:34  Hellion  
  83  7:42  SCV  
  84  7:47  SCV  
  84  7:49  SCV  
  88  7:51  Hellion  
  88  7:52  Hellion  
  88  7:54  SCV  
  91  7:59  SCV  
  91  8:01  SCV  
  93  8:06  SCV  
  93  8:07  Supply Depot  
  93  8:09  Terran Vehicle Weapons Level 1  
  93  8:11  SCV  
  95  8:14  SCV  
  95  8:18  SCV  
  97  8:23  SCV  
  97  8:26  SCV  
  99  8:30  SCV  
  100  8:35  SCV  
  100  8:38  SCV  
  100  8:39  Drilling Claws  
  102  9:04  Marine x3  
  105  9:22  Marine x3, Hellion x3  
  75  9:39  Marine x2  
  75  9:40  Marine  
  77  9:51  Widow Mine x3  
  81  9:57  Marine x3, Smart Servos  
  65  10:12  Widow Mine  
  65  10:13  Widow Mine x2  
  66  10:15  Marine x3  
  69  10:33  Marine x3  
  69  10:34  Widow Mine x3  
  56  10:55  Widow Mine x2  
  56  10:56  Widow Mine  
  52  11:15  Supply Depot  
  52  11:17  Widow Mine  
Show
View Real Time Build Order
Export as new Build Order

Faust Zerg 

Build Orders: Hatch First, Zergling Baneling 

Get SALT Encoding   

  12  0:02  Drone  
  13  0:10  Drone  
  14  0:15  Extractor  
  14  0:17  Drone  
  15  0:25  Overlord  
  15  0:44  Drone x2  
  17  1:00  Drone  
  18  1:04  Hatchery  
  17  1:14  Spawning Pool  
  17  1:18  Extractor  
  15  1:23  Drone  
  15  1:24  Drone  
  17  1:27  Drone  
  18  1:37  Drone  
  19  2:02  Zergling x4  
  21  2:13  Evolution Chamber  
  20  2:16  Zergling x2, Queen  
  20  2:17  Queen  
  20  2:19  Zergling x4  
  27  2:29  Zergling x2  
  28  2:34  Baneling Nest  
  28  2:36  Overlord  
  27  3:05  Zergling x8  
  30  3:12  Metabolic Boost  
  30  3:19  Baneling  
  30  3:21  Baneling  
  30  3:23  Baneling  
  30  3:24  Zergling x8  
  34  3:35  Drone  
  30  4:15  Zergling x12  
  30  4:16  Zergling x4  
  34  4:23  Baneling  
  34  4:24  Baneling x3  
  33  4:25  Baneling  
  33  4:26  Zergling x4  
  34  4:49  Overlord x2  
  28  5:07  Zergling x2, Overlord  
  25  5:08  Drone x2  
  25  5:09  Zergling x4  
  25  5:10  Zergling x8  
  33  5:16  Drone  
  33  5:17  Extractor  
  33  5:19  Drone  
  34  5:27  Zergling x6  
  35  5:29  Baneling  
  35  5:31  Baneling x2  
  35  5:40  Drone x2  
  37  5:52  Baneling x2  
  37  5:59  Drone  
  37  6:00  Drone  
  37  6:01  Drone x2  
  42  6:04  Drone x2  
  43  6:18  Lair  
  43  6:21  Drone x2  
  43  6:22  Drone x2  
  47  6:33  Zergling x10  
  52  6:44  Roach Warren  
  38  7:30  Roach  
  38  7:31  Roach x6  
  38  7:34  Overlord x3  
  51  7:41  Glial Reconstitution  
  51  7:43  Hydralisk Den  
  50  7:57  Drone x6  
  56  8:00  Extractor, Drone x2  
  56  8:01  Drone x2  
  56  8:02  Extractor  
  56  8:04  Drone x2  
  60  8:15  Grooved Spines  
  60  8:16  Hydralisk x3  
  66  8:22  Drone  
  67  8:31  Overseer  
  67  8:36  Drone x2  
  67  8:39  Hatchery  
  67  8:40  Roach  
  67  8:41  Roach x2  
  74  8:48  Overlord  
  74  9:04  Overlord x2  
  74  9:08  Hydralisk x3  
  66  9:30  Hydralisk  
  66  9:31  Hydralisk x5  
  78  9:38  Roach  
  78  9:39  Roach  
  78  9:45  Roach x2  
  61  10:16  Ravager x2  
  61  10:24  Drone  
  61  10:25  Lurker Den, Drone x11  
  61  10:26  Overlord x3  
  62  10:55  Hydralisk x7  
  76  11:02  Queen  
  76  11:03  Drone  
  76  11:04  Drone x3  
  82  11:13  Evolution Chamber x2  
  82  11:17  Overlord  
  64  11:36  Drone  
  64  11:38  Extractor, Drone x3  
  64  11:39  Drone x3  
  46  11:40  Extractor  
  41  11:51  Hydralisk x2  
  28  11:55  Hydralisk x2  
  28  11:56  Hydralisk  
Show
View Real Time Build Order
Export as new Build Order

Nhamat Zerg - Winner!

Build Orders: Pool First, Muta Ling Bane 

Get SALT Encoding   

  12  0:01  Drone  
  13  0:09  Drone  
  14  0:18  Overlord  
  14  0:25  Extractor, Drone  
  15  0:36  Drone  
  16  0:45  Spawning Pool  
  16  0:47  Drone  
  16  0:52  Drone  
  17  0:58  Drone  
  17  1:01  Extractor  
  17  1:20  Overlord  
  17  1:23  Extractor  
  16  1:26  Drone  
  17  1:33  Zergling x2, Queen  
  20  2:04  Hatchery  
  20  2:06  Zergling x2  
  20  2:07  Metabolic Boost  
  20  2:10  Drone x2  
  22  2:18  Zergling x2  
  23  2:33  Zergling x2  
  23  2:37  Baneling Nest  
  23  2:45  Evolution Chamber  
  21  3:15  Drone x3  
  21  3:19  Zerg Melee Weapons Level 1  
  26  3:25  Queen  
  26  3:33  Drone x2  
  28  3:46  Zergling x4  
  29  3:50  Baneling  
  29  3:51  Zergling x2, Baneling  
  30  3:57  Zergling x4  
  32  4:14  Zergling x6  
  32  4:17  Overlord  
  35  4:19  Lair  
  33  4:26  Drone x2  
  33  4:27  Overlord  
  35  4:38  Drone  
  35  4:39  Drone x3  
  28  5:08  Drone x7  
  28  5:13  Baneling x5  
  35  5:14  Zergling x2  
  35  5:21  Extractor  
  35  5:27  Extractor  
  34  5:30  Drone x2  
  36  5:40  Spire  
  35  5:43  Zergling x2  
  35  5:47  Drone  
  37  5:50  Drone  
  38  5:59  Centrifical Hooks  
  38  6:04  Drone  
  39  6:25  Drone x6  
  45  6:43  Drone x5  
  50  6:54  Overlord x2  
  49  7:11  Baneling x2  
  49  7:15  Mutalisk x3  
  49  7:16  Mutalisk  
  52  7:40  Mutalisk x2  
  52  7:42  Zergling x2  
  57  7:45  Hatchery  
  57  7:49  Drone x3  
  59  7:57  Zerg Flyer Weapons Level 1  
  59  8:00  Mutalisk  
  61  8:07  Zergling x4  
  63  8:34  Mutalisk x2  
  63  8:36  Overlord x3  
  63  8:40  Overseer  
  67  8:53  Extractor  
  66  8:59  Extractor  
  66  9:02  Mutalisk x2  
  61  9:03  Zergling x8, Mutalisk x2  
  61  9:04  Zergling x2  
  74  9:21  Zergling x8, Mutalisk x2  
  76  9:26  Mutalisk x2  
  76  9:27  Zergling x2  
  79  9:32  Baneling x6  
  79  9:33  Baneling x2  
  79  9:37  Mutalisk x2  
  83  9:50  Mutalisk  
  83  9:51  Zergling x8  
  85  9:54  Drone x3  
  85  10:06  Zergling x8  
  87  10:09  Zergling x2  
  87  10:17  Drone  
  87  10:27  Zergling x4  
  87  10:28  Zergling x10  
  94  10:36  Zergling x4  
  96  11:00  Overseer  
  87  11:08  Zergling x4, Mutalisk x3  
  87  11:09  Zergling x4  
  97  11:19  Overlord x4  
  97  11:31  Overlord x2  
  97  11:36  Queen  
  97  11:40  Baneling x3  
  97  11:46  Zergling x6  
  100  11:48  Overlord x2  
  100  11:52  Drone x6  
  100  11:53  Drone  
  106  12:02  Zergling x4  
Show
View Real Time Build Order
Export as new Build Order

JosuTei Zerg - Winner!

Build Orders: Hatch First 

Get SALT Encoding   

  12  0:01  Drone  
  13  0:15  Overlord  
  13  0:19  Drone  
  14  0:33  Drone x2  
  16  0:58  Hatchery  
  16  1:03  Drone  
  16  1:04  Drone x2  
  18  1:15  Extractor  
  17  1:20  Spawning Pool  
  16  1:36  Drone x2  
  18  1:47  Drone  
  19  1:57  Drone  
  20  2:03  Drone  
  21  2:11  Queen  
  21  2:12  Queen  
  21  2:15  Drone  
  26  2:21  Drone x2  
  28  2:24  Overlord  
  28  2:46  Drone x2  
  28  2:47  Drone x2  
  32  2:53  Zergling x4  
  32  2:56  Metabolic Boost  
  33  2:58  Lair  
  33  3:06  Zergling x4  
  35  3:17  Drone  
  35  3:18  Overlord  
  36  3:37  Zergling x6  
  30  4:15  Zergling x2  
  30  4:16  Zergling x8  
  35  4:24  Drone  
  35  4:40  Drone x4  
  30  4:55  Zergling x8  
  30  4:56  Zergling x8  
  38  5:24  Hatchery  
  34  5:44  Roach Warren, Drone  
  34  5:45  Drone x7  
  34  5:48  Drone x3  
  44  6:09  Extractor  
  43  6:12  Extractor  
  42  6:23  Drone x2  
  42  6:24  Overlord x2  
  42  6:25  Overlord x2  
  44  6:35  Drone x3  
  44  6:38  Queen  
  49  6:42  Queen  
  51  6:49  Roach x4  
  59  7:01  Glial Reconstitution  
  59  7:03  Roach  
  59  7:04  Roach x7  
  63  7:39  Drone x2  
  63  7:40  Drone x4  
  63  7:42  Drone x2  
  63  7:43  Drone x2  
  73  8:07  Drone x4  
  73  8:08  Drone  
  78  8:13  Spire  
  78  8:15  Drone  
  78  8:17  Extractor  
  77  8:30  Roach Warren, Evolution Chamber x2, Roach x2  
  77  8:31  Roach x2  
  77  8:33  Overlord x2  
  82  9:11  Roach x7  
  82  9:12  Roach  
  94  9:39  Roach x2  
  94  9:40  Overlord x2  
  94  9:41  Overlord x2  
  98  9:59  Roach x2  
  98  10:38  Roach x6  
  98  10:39  Roach x7  
  98  10:40  Roach x2  
  128  10:57  Overlord x4, Roach x5  
  128  11:01  Overseer x2  
  128  11:02  Overseer  
  130  11:09  Extractor  
  125  11:45  Roach x2  
  125  11:46  Roach x7  
Tags
 
Add a new tag
Caveats
  • Supply blocks, unpowered buildings, or Contaminate may cause inaccurate times.
  • Supply counts are checked every 10 seconds.